 Dungeon Crawl Stone Soup version 0.24.0-123-gd5b16e6ec5 (webtiles) character file.

Game seed: 8022858215928458899, levelgen mode: deterministic

2415 Norian the Thaumaturge (level 9, -1/45 HPs)
             Began as a Deep Elf Conjurer on Dec 20, 2019.
             Slain by a hornet (13 damage)
             ... on level 7 of the Dungeon.
             The game lasted 00:13:35 (5577 turns).

Norian the Thaumaturge (Deep Elf Conjurer)          Turns: 5577, Time: 00:13:36

Health: -1/45      AC:  4    Str: 10    XL:     9   Next: 23%
Magic:  14/25      EV: 15    Int: 21    God:
Gold:   463        SH:  4    Dex: 15    Spells: 19/28 levels left

rFire    . . .     SeeInvis .   w - +2 morningstar (protect)
rCold    . . .     Gourm    .   (no shield)
rNeg     . . .     Faith    .   a - +0 robe
rPois    .         Spirit   .   (no helmet)
rElec    .         Reflect  +   k - +0 cloak
rCorr    .         Harm     .   h - +0 pair of gloves
MR       .....                  (no boots)
Stlth    ++........             s - +4 amulet of reflection
HPRegen  0.15/turn              y - +2 ring of strength
MPRegen  0.19/turn              (no ring)

@: slowed, very slow
A: no striking features
a: no special abilities


You were on level 7 of the Dungeon.
You were very hungry.

You visited 2 branches of the dungeon, and saw 8 of its levels.

You collected 463 gold pieces.

Inventory:

Hand Weapons
 w - a +2 morningstar of protection (weapon)
Armour
 a - a +0 robe (worn)
 h - a +0 pair of gloves (worn)
 k - a +0 cloak (worn)
Jewellery
 s - a +4 amulet of reflection (around neck)
 y - a +2 ring of strength (left hand)
 B - an uncursed ring of protection from fire {unknown}
 D - a +3 ring of dexterity {unknown}
Wands
 o - a wand of disintegration (13)
 t - a wand of polymorph (10)
 v - a wand of clouds (3)
 z - a wand of paralysis (8)
Scrolls
 b - 5 scrolls of identify {unknown}
 d - 2 scrolls of enchant weapon {unknown}
 f - 3 scrolls of remove curse
 g - a scroll of immolation {unknown}
 j - 2 scrolls of noise {unknown}
 l - a scroll of teleportation {unknown}
 m - 2 scrolls of magic mapping {unknown}
 q - a scroll of fear {unknown}
 u - 2 scrolls of fog {unknown}
 x - a scroll of enchant armour {unknown}
Potions
 e - a potion of agility {unknown}
 i - 2 potions of haste {unknown}
 n - 2 potions of curing
 p - a potion of berserk rage {unknown}
 r - a potion of mutation {unknown}
 A - a potion of lignification {unknown}
Comestibles
 c - 10 rations


   Skills:
 + Level 4.9 Dodging
 - Level 2.4 Stealth
 + Level 10.1 Spellcasting
 + Level 9.2 Conjurations
 - Level 7.2 Hexes


You had 19 spell levels left.
You knew the following spells:

 Your Spells              Type           Power        Failure   Level  Hunger
a - Magic Dart            Conj           ####         1%          1    None
b - Iskenderun's Mystic   Conj           #####...     1%          4    ##.....
c - Fulminant Prism       Conj/Hex       #####.....   2%          4    ##.....

Your spell library contained the following spells:

 Spells                   Type           Power        Failure   Level  Hunger
 Searing Ray              Conj           #####.       1%          2    None
 Dazzling Spray           Conj/Hex       #####.       1%          3    None
 Force Lance              Conj/Tloc      ####....     10%         4    ##.....


Dungeon Overview and Level Annotations

Branches:
Dungeon (7/15)             Temple (1/1) D:5

Altars:
Ashenzari
Cheibriados
Dithmenos
Elyvilon
Hepliaklqana
Makhleb
Nemelex Xobeh
Okawaru
Qazlal
Ru
Trog
Uskayaw
Wu Jian
Xom
Yredelemnul

Shops:
D:4 :(


Message History

The orb of energy hits the hornet.
The hornet is lightly wounded.
The orb of energy explodes!
The hornet stings you!
You are poisoned.
You feel yourself slow down. The hornet stings you!
You are lethally poisoned!
You feel as though you will be slow longer.
Casting: Iskenderun's Mystic Blast (safe; 1% risk of failure)
Confirm with . or Enter, or press ? or * to list all spells.
Aiming: Iskenderun's Mystic Blast (safe; 1% risk of failure)
Press: ? - help, Shift-Dir - straight line, f/p - hornet
Aim: a hornet (lightly wounded)
The orb of energy hits the hornet.
The hornet is moderately wounded.
You feel very sick. You block the hornet's attack. The hornet stings you!
* * * LOW HITPOINT WARNING * * *
You feel as though you will be slow longer.
You feel better. The hornet misses you. The hornet stings you!
You die...

.#.# #.#.#.#.#.#.#.#.#.
##.#.#.#.#.#.#.#.#.#)#.#
#.#.#.#.#.#.#.#.#.#.#.#.
..#.#.#.#.#.#.#.#.#.#.#
#.#.#.#.#.#.#.#.#.#.#.
#.#.#.#.#.#.#.#.#.#.#
#.#.#.#.#.#>#.#.#.#.
#.#.#.#.#.#.#.#.#.#
#@#.#.#.#.#.#.#.#.
#.#y#.#.#.#.#.#.#.#
#.#.......#.#.#.#.#.
#.#..####...#.#.#.#.#
#.#..# ###..#.#.#.#.
#.#..# #..#.#.#.# ..#.#.
#..#.#.#. .. #..#p#.#
.#.#.#.


You could see a hornet.

Vanquished Creatures
  Pikel (D:7)
  Grinder (D:5)
  Sigmund (D:5)
  Eustachio (D:5)
  A water moccasin (D:5)
  An orc warrior (D:6)
  A slave (D:7)
  An ogre (D:7)
  A centaur (D:7)
  2 bullfrogs (D:6)
  A scorpion (D:5)
  3 killer bees (D:6)
  2 crimson imps (D:5)
  A bullfrog zombie (D:5)
  3 jellies
  A hound (D:4)
  An orc priest (D:5)
  3 orc wizards
  A centaur skeleton (D:4)
  An iguana (D:6)
  6 worker ants
  A killer bee zombie (D:5)
  3 gnolls (D:4)
  7 adders
  An ooze (D:2)
  4 worms
  4 dart slugs
  2 leopard geckos
  15 orcs
  4 giant cockroaches
  8 goblins
  5 hobgoblins
  14 jackals
  6 kobolds
  5 quokkas
  2 ball pythons
  11 bats
  8 frilled lizards
  A leopard gecko zombie (D:6)
  9 rats
144 creatures vanquished.

Vanquished Creatures (others)
  13 fulminant prisms
13 creatures vanquished.

Grand Total: 157 creatures vanquished

Notes
Turn   | Place    | Note
-------+----------+-------------------------------------------
     0 | D:1      | Norian the Deep Elf Conjurer began the quest for the Orb.
     0 | D:1      | Reached XP level 1. HP: 10/10 MP: 6/6
   204 | D:1      | Reached XP level 2. HP: 9/15 MP: 5/8
   529 | D:1      | Reached skill level 4 in Spellcasting
   722 | D:2      | Reached skill level 5 in Conjurations
   722 | D:2      | Reached XP level 3. HP: 19/19 MP: 5/10
  1237 | D:2      | Reached XP level 4. HP: 24/24 MP: 8/12
  1318 | D:2      | Found a shadowy altar of Dithmenos.
  1635 | D:3      | Reached skill level 5 in Spellcasting
  1666 | D:3      | Learned a level 4 spell: Iskenderun's Mystic Blast
  1671 | D:3      | Learned a level 4 spell: Fulminant Prism
  1946 | D:3      | Reached skill level 1 in Hexes
  2218 | D:3      | Reached XP level 5. HP: 21/28 MP: 8/14
  2878 | D:4      | Found Zigh's Book Emporium.
  2884 | D:4      | Reached XP level 6. HP: 18/32 MP: 1/16
  2994 | D:4      | Found Tuqiavut's Weapon Shoppe.
  3031 | D:4      | Found a burning altar of Makhleb.
  3145 | D:4      | Reached skill level 6 in Spellcasting
  3349 | D:5      | Entered Level 5 of the Dungeon
  3349 | D:5      | Noticed Sigmund
  3352 | D:5      | Killed Sigmund
  3488 | D:5      | Reached XP level 7. HP: 36/36 MP: 8/19
  3562 | D:5      | Noticed Eustachio
  3570 | D:5      | Killed Eustachio
  3570 | D:5      | Reached skill level 7 in Spellcasting
  3617 | D:5      | Reached skill level 5 in Hexes
  4004 | D:5      | Noticed Grinder
  4011 | D:5      | Reached skill level 8 in Spellcasting
  4011 | D:5      | Reached XP level 8. HP: 11/41 MP: 13/22
  4023 | D:5      | Killed Grinder
  4176 | D:5      | Found a staircase to the Ecumenical Temple.
  4183 | Temple   | Entered the Ecumenical Temple
  4388 | D:5      | Found the +5 robe of Night {Dark MR+ SInv}
  4816 | D:6      | Reached skill level 9 in Spellcasting
  5394 | D:7      | Reached XP level 9. HP: 45/45 MP: 18/24
  5461 | D:7      | Noticed Pikel
  5465 | D:7      | Killed Pikel
  5465 | D:7      | Reached skill level 10 in Spellcasting
  5577 | D:7      | Slain by a hornet

Levels and vault maps discovered:
D:1:      giann_wishing_wells, layout_rooms
D:2:      layout_rooms, old_standard_altar
D:3:      layout_rooms, serial_rivers, chequers_serial_rivers_micro_c,
          chequers_serial_rivers_micro_c, chequers_serial_rivers_micro_d,
          chequers_serial_rivers_small_3, chequers_serial_rivers_micro_c,
          chequers_serial_rivers_room_a
D:4:      layout_cave_pools, lightli_temple_of_fire, serial_shops,
          nicolae_shop_waterfront, shop
D:5:      layout_basic, minmay_temple_entry_ruins, first_ration, uniq_grinder,
          uniq_eustachio, uniq_sigmund
D:6:      layout_cave_pools, corexii_leaking_fountain
D:7:      layout_basic, gammafunk_temple_overflow_claw, kennysheep_another_room,
          uniq_menkaure, uniq_pikel
Temple:   nicolae_temple_god_jail

Skill      XL: |  1  2  3  4  5  6  7  8  9 |
---------------+----------------------------+-----
Spellcasting   | 4 5 6 8 9 10 | 10.1
Conjurations   | 5 6 7 8 9 |  9.2
Hexes          | 1 2 4 5 7 |  7.2
Dodging        | 3 4 |  4.9
Stealth        | |  2.4

Action                   |  1- 3 |  4- 6 |  7- 9 || total
-------------------------+-------+-------+-------++-------
Melee: Mace              |       |     1 |       ||     1
       Morningstar       |       |     8 |    40 ||    48
 Cast: Magic Dart        |    92 |   155 |    82 ||   329
       Fulminant Prism   |       |     2 |    11 ||    13
       Iskenderun's Myst |       |     3 |    25 ||    28
  Use: Potion            |       |       |     3 ||     3
       Scroll            |       |       |     1 ||     1
  Eat: Chunk             |     1 |     7 |     5 ||    13
       Ration            |       |       |     1 ||     1
Armor: Robe              |     1 |     5 |    25 ||    31
Dodge: Dodged            |    11 |    23 |    51 ||    85
Block: Other             |       |     2 |    15 ||    17
       Reflection        |       |       |     1 ||     1
